 Dungeon Sprint DCSS version 0.17-a0-1262-gd250d98 (webtiles) character file.

4466 Kidiri the Unseen (level 10, -9/53 HPs)
             Began as a Spriggan Assassin on June 6, 2015.
             Was a Follower of Dithmenos.
             Killed from afar by a crystal guardian (33 damage)
             ... with a crystal bolt
             ... in the Dungeon (Sprint II: "The Violet Keep of Menkaure").
             The game lasted 00:11:08 (1742 turns).

Kidiri the Unseen (Spriggan Assassin)               Turns: 1742, Time: 00:11:08

Health: -9/53      AC:  3    Str:  9    XL:     10   Next: 15%
Magic:  22/22      EV: 34    Int: 13    God:    Dithmenos [*.....]
Gold:   577        SH:  0    Dex: 21    Spells: 0 memorised, 24 levels left

rFire  . . .     SeeInvis +     o - +7 arbalest of World Downfall {venom, +Fly Str+2}
rCold  . . .     Clarity  .     c - +0 robe
rNeg   . . .     SustAt   .     (shield restricted)
rPois  +         Gourm    .     (helmet restricted)
rElec  .         Spirit   .     d - +0 cloak
rCorr  .         Warding  .     (gloves unavailable)
rMut   .         NoTele   +     (boots unavailable)
MR     +....                    (no amulet)
Stlth  +++++.....               (no ring)
                                n - ring "Kaloniu" {+Inv rPois}

@: very slightly contaminated, wreathed by umbra, invisible (expiring), very
quick, somewhat resistant to hostile enchantments, quite stealthy
A: unfitting armour, see invisible, herbivore 3, speed 3, slow metabolism 2
a: Renounce Religion, Turn Visible, Evoke Flight


You were in the Dungeon.
You worshipped Dithmenos.
Dithmenos was aware of your devotion.
You were not hungry.

You visited 1 branch You collected 1280 gold pieces.
You spent 703 gold pieces at shops.

Inventory:

Hand weapons
 a - a +2 dagger
 b - a +2 blowgun
 o - the +7 arbalest of World Downfall (weapon) {venom, +Fly Str+2}
   (You bought it in a shop in the Dungeon)

   It poisons the ammo it fires.
   It affects your strength (+2).
   It lets you fly.
Missiles
 e - 22 poisoned needles
 f - a curare-tipped needle
 p - 49 bolts (quivered)
Armour
 c - a +0 robe (worn)
 d - a +0 cloak (worn)
Jewellery
 n - the ring "Kaloniu" (left hand) {+Inv rPois}
   (You bought it in a shop in the Dungeon)

   [ring of invisibility]

   It protects you from poison.
   It lets you turn invisible.
Scrolls
 x - a scroll of fog
 y - a scroll of fear
 z - 2 scrolls of remove curse {unknown}
Potions
 h - 2 potions of curing
 i - a potion of heal wounds
 j - a potion of haste
 k - 5 potions of magic
 l - a potion of berserk rage
 q - 3 potions of resistance
 r - 2 potions of lignification {unknown}
 v - a potion of mutation {unknown}
 A - a potion of brilliance {unknown}
 B - 3 potions of flight {unknown}
Comestibles
 g - a bread ration


   Skills:
 + Level 6.9 Fighting
 * Level 12.4 Short Blades
 + Level 9.2 Throwing
 * Level 15.4 Dodging
 * Level 17.1 Stealth
 + Level 7.5 Spellcasting
 + Level 1.4 Invocations
 + Level 6.6 Evocations


You had 24 spell levels left.
You didn't know any spells.

Dungeon Overview and Level Annotations

Branches:
Dungeon (1/1)

Altars:
Cheibriados
Dithmenos
Elyvilon
Fedhas
Gozag
Kikubaaqudgha
Makhleb
Nemelex Xobeh
Okawaru
Qazlal
Ru
Sif Muna
Trog
Vehumet
Xom
Yredelemnul
Zin
The Shining One
Beogh
Jiyva
Lugonu

Shops:
D !:[!(!(?=}*:=}[%

Annotations:
D exclusion: oklob plant


Innate Abilities, Weirdness & Mutations

You are tiny and cannot use many weapons and most armour.
You have supernaturally acute eyesight.
You are a herbivore.
You cover ground extremely quickly.
You need consume almost no food.


Message History

Press: ? - help, Shift-Dir - straight line, f - crystal guardian
Aim: a crystal guardian You shoot a bolt.
The bolt hits the crystal guardian but does no damage.
The crystal guardian fires a crystalline bolt at you.
The crystal bolt freezes you!
Ouch! That really hurt!
Read which item? (? for menu, Esc to quit)
Blink to where?
Press: ? - help, Dir - move target cursor, p - crystal guardian Splash!
You fall into the shallow water.
Moving in this stuff is going to be slow. ...and don't expect to remain undetected.
As you read the scroll of blinking, it crumbles to dust.
You flicker for a moment.
The crystal guardian fires a crystalline bolt at you.
The crystal bolt freezes you!
Ouch! That really hurt!
You die...

##..# #. k#[|▓..(...(%▓▓
.##.#### +.##.#|§▓[)(.[..[▓▓
..#....# ...####▓..(.)%).▓▓
.####..#####(.##)#▓..[..)..▓▓
###.##..#.§8..#..#▓[(......▓▓
####.#..#..#..#.÷#▓.)..[)%.▓▓
.'.##'..####.(##.#▓..?[...)▓▓
##...#....###^..##▓▓▓▓▓▓▓'▓▓▓▓+▓
###.##§.....≈≈≈≈@≈≈≈≈≈≈≈≈...≈≈≈▓
.####§≈.....≈#'########+###.≈≈≈▓
#.#≈≈§≈≈≈§..≈#........#≈§§##≈≈≈▓
.##≈§≈≈≈≈≈≈§≈#._.⌠....#§§§§####▓
##≈≈§≈≈≈§≈≈≈≈#_._._...#≈≈§§≈#
≈≈≈§≈§≈§≈§§≈≈#._._._..#≈§§§§§
+++#≈§≈§§§§§≈#_._._._.#§≈§§≈§ zz
##§≈≈###§§#._._._._#≈§§§§§ z§§§
≈≈# #≈≈#.._._._.#§§


You could see a crystal guardian.

Vanquished Creatures
  A kraken (D)
  A death drake (D)
  A yaktaur (D)
  3 polar bears (D)
  2 boulder beetles (D)
  A blink frog (D)
  2 hippogriffs (D)
  A swamp drake (D)
  A wasp (D)
  2 crocodiles (D)
  4 brain worms (D)
  3 worms (D)
  A spectral bat (D)
  A spectral giant cockroach (D)
24 creatures vanquished.

Vanquished Creatures (others)
  Menkaure (D)
  4 tentacles (D)
  85 tentacle segments (D)
90 creatures vanquished.

Grand Total: 114 creatures vanquished

Notes
Turn   | Place    | Note
--------------------------------------------------------------
     0 | D        | Kidiri the Spriggan Assassin began the quest for the Orb.
     0 | D        | Reached XP level 1. HP: 10/10 MP: 2/2
     1 | D        | Noticed a brain worm
     4 | D        | Killed a brain worm
     4 | D        | Reached skill level 5 in Dodging
     4 | D        | Reached skill level 8 in Stealth
     4 | D        | Reached XP level 2. HP: 14/16 MP: 3/3
     4 | D        | Reached XP level 3. HP: 16/19 MP: 4/4
     4 | D        | Reached XP level 4. HP: 19/23 MP: 5/5
     5 | D        | Noticed a brain worm
     6 | D        | Killed a brain worm
     6 | D        | Reached skill level 5 in Short Blades
     6 | D        | Reached skill level 9 in Stealth
     7 | D        | Noticed a brain worm
     7 | D        | Noticed a brain worm
     9 | D        | Killed a brain worm
     9 | D        | Reached skill level 10 in Stealth
     9 | D        | Reached XP level 5. HP: 22/28 MP: 6/6
    11 | D        | Killed a brain worm
    11 | D        | Reached skill level 5 in Throwing
    11 | D        | Reached skill level 11 in Stealth
    11 | D        | Reached XP level 6. HP: 25/33 MP: 7/7
    46 | D        | Killed Menkaure
    87 | D        | Noticed a hippogriff
    87 | D        | Noticed a hippogriff
    90 | D        | Killed a hippogriff
    90 | D        | Reached skill level 10 in Dodging
    90 | D        | Reached skill level 12 in Stealth
    93 | D        | Killed a hippogriff
    93 | D        | Reached skill level 1 in Spellcasting
    93 | D        | Reached XP level 7. HP: 36/38 MP: 7/10
   116 | D        | Noticed a boulder beetle
   116 | D        | Noticed a boulder beetle
   125 | D        | Killed a boulder beetle
   125 | D        | Reached skill level 13 in Stealth
   154 | D        | Killed a boulder beetle
   154 | D        | Reached skill level 5 in Fighting
   239 | D        | Noticed an electric eel
   239 | D        | Noticed an electric eel
   240 | D        | Noticed an electric eel
   240 | D        | Noticed an electric eel
   240 | D        | Noticed an electric eel
   241 | D        | Noticed an electric eel
   241 | D        | Noticed an electric eel
   241 | D        | Noticed an electric eel
   241 | D        | Noticed a crocodile
   243 | D        | Killed a crocodile
   243 | D        | Reached XP level 8. HP: 43/43 MP: 14/14
   262 | D        | Found Yshicw's Food Emporium.
   262 | D        | Found Byakh's Jewellery Shoppe.
   262 | D        | Found Jytaocka's Antique Armour Shoppe.
   262 | D        | Found Ysomer's Book Emporium.
   263 | D        | Found Wutaul's Gadget Emporium.
   263 | D        | Found Feank's Gadget Shoppe.
   263 | D        | Found Inume's Jewellery Emporium.
   263 | D        | Found Wacloust's Magic Scroll Shoppe.
   264 | D        | Found Iwykam's Antique Weapon Emporium.
   264 | D        | Found Qustry's Distillery.
   264 | D        | Found Nunihoap's Antique Weapon Shoppe.
   264 | D        | Noticed a hippogriff
   265 | D        | Found Usmaogaa's Assorted Antiques.
   268 | D        | Noticed a flying skull
   270 | D        | Noticed a blink frog
   271 | D        | Noticed a flying skull
   272 | D        | Killed a blink frog
   272 | D        | Reached skill level 10 in Short Blades
   272 | D        | Reached skill level 14 in Stealth
   277 | D        | Noticed a flying skull
   278 | D        | Noticed a flying skull
   279 | D        | Noticed a flying skull
   281 | D        | Noticed a flying skull
   282 | D        | Noticed a flying skull
   282 | D        | Noticed a flying skull
   284 | D        | Noticed a flying skull
   284 | D        | Noticed a flying skull
   285 | D        | Noticed a flying skull
   286 | D        | Noticed a flying skull
   310 | D        | Found Yneesh's Distillery.
   310 | D        | Found Birho's Antique Armour Emporium.
   310 | D        | Noticed an oklob plant
   311 | D        | Noticed a hippogriff
   311 | D        | Found Bixuesyp's Distillery.
   311 | D        | Found Kuxynuz's Book Shoppe.
   312 | D        | Noticed a hippogriff
   312 | D        | Noticed a polar bear
   334 | D        | Noticed a polar bear
   337 | D        | Noticed a slime creature
   342 | D        | Noticed a slime creature
   345 | D        | Noticed a slime creature
   363 | D        | Bought the ring "Kaloniu" {+Inv rPois} for 494 gold pieces
   388 | D        | Bought a slimy arbalest for 209 gold pieces
   388 | D        | Identified the +7 arbalest of World Downfall {venom, +Fly Str+2} (You bought it in a shop in the Dungeon)
   448 | D        | Found a glowing golden altar of the Shining One.
   449 | D        | Found a roughly hewn altar of Beogh.
   449 | D        | Found a burning altar of Makhleb.
   449 | D        | Found a basalt altar of Yredelemnul.
   450 | D        | Found a glowing silver altar of Zin.
   450 | D        | Found an ancient bone altar of Kikubaaqudgha.
   451 | D        | Found an opulent altar of Gozag.
   451 | D        | Found a white marble altar of Elyvilon.
   451 | D        | Found a shadowy altar of Dithmenos.
   452 | D        | Found an iron altar of Okawaru.
   452 | D        | Found a stormy altar of Qazlal.
   454 | D        | Noticed a crocodile
   478 | D        | Killed a crocodile
   517 | D        | HP: 2/44 [something (12)]
   824 | D        | Found a blossoming altar of Fedhas.
   824 | D        | Found a shimmering altar of Xom.
   826 | D        | Found a corrupted altar of Lugonu.
   828 | D        | Noticed a yaktaur
   828 | D        | Noticed a wasp
   828 | D        | Noticed a polar bear
   829 | D        | Noticed a polar bear
   829 | D        | Noticed a polar bear
   830 | D        | Killed a polar bear
   832 | D        | Killed a wasp
   833 | D        | Killed a polar bear
   833 | D        | Reached skill level 5 in Spellcasting
   834 | D        | Killed a polar bear
   834 | D        | Reached skill level 15 in Stealth
   834 | D        | Reached XP level 9. HP: 48/48 MP: 14/18
   836 | D        | Killed a yaktaur
   843 | D        | Found a bloodstained altar of Trog.
   844 | D        | Noticed a crocodile
   849 | D        | Noticed a kraken
   876 | D        | Noticed a crocodile
  1153 | D        | Killed a kraken
  1153 | D        | Reached skill level 15 in Dodging
  1153 | D        | Reached skill level 16 in Stealth
  1167 | D        | Found a viscous altar of Jiyva.
  1167 | D        | Found a radiant altar of Vehumet.
  1167 | D        | Found a deep blue altar of Sif Muna.
  1168 | D        | Found a sacrificial altar of Ru.
  1168 | D        | Found a sparkling altar of Nemelex Xobeh.
  1168 | D        | Found a snail-covered altar of Cheibriados.
  1177 | D        | Became a worshipper of Dithmenos the Shadowed
  1295 | D        | Noticed a death drake
  1295 | D        | Noticed a swamp drake
  1303 | D        | Noticed a swamp drake
  1471 | D        | Killed a death drake
  1471 | D        | Reached skill level 17 in Stealth
  1471 | D        | Reached skill level 1 in Invocations
  1471 | D        | Reached XP level 10. HP: 53/53 MP: 18/22
  1733 | D        | Noticed a crystal guardian
  1735 | D        | Killed a swamp drake
  1742 | D        | Killed from afar by a crystal guardian

Vault maps used:
D:        the_violet_keep_of_menkaure

Action                   |  1- 3 |  4- 6 |  7- 9 | 10-12 || total
-------------------------+-------+-------+-------+-------++-------
Melee: Dagger            |     1 |     5 |    66 |     7 ||    79
 Fire: Blowgun           |       |       |     7 |       ||     7
       Arbalest          |       |       |       |     1 ||     1
 Abil: Evoke Invisibilit |       |       |     5 |     1 ||     6
  Use: Scroll            |       |       |     7 |     1 ||     8
 Stab: Sleeping          |     1 |     5 |    11 |       ||    17
       Invisible         |       |       |     7 |     1 ||     8
  Eat: Pizza             |       |       |     3 |       ||     3
